 Dungeon Crawl Stone Soup version 0.29.0-13-gc9e81de378 (webtiles) character file.

Game seed: 10617019569526162656

137 SensoryNuts the Chopper (level 5, -5/46 HPs)
             Began as a Hill Orc Fighter on Sept 8, 2022.
             Slain by Crazy Yiuf
             ... wielding a +4 quarterstaff of chaos
              (6 damage)
             ... on level 2 of the Dungeon.
             The game lasted 00:01:19 (2329 turns).

SensoryNuts the Chopper (Hill Orc Fighter)          Turns: 2329, Time: 00:01:20

Health: -5/46      AC:  9    Str: 21    XL:     5   Next: 20%
Magic:  5/5        EV:  9    Int:  8    God:
Gold:   136        SH:  4    Dex: 10    Spells: 4/4 levels left

rFire   . . .      SeeInvis .   a - +0 war axe
rCold   . . .      Faith    .   c - +0 buckler
rNeg    . . .      Spirit   .   b - +0 scale mail
rPois   .          Reflect  .   (no helmet)
rElec   .          Harm     .   e - +1 cloak
rCorr   .          Rampage  .   (no gloves)
Will    .....                   (no boots)
Stlth   ..........              (no amulet)
HPRegen 0.15/turn               (no ring)
MPRegen 0.09/turn               (no ring)

@: mighty
A: no striking features
a: no special abilities


You were on level 2 of the Dungeon.
You visited 1 branch of the dungeon, and saw 2 of its levels.

You collected 136 gold pieces.

Inventory:

Hand Weapons
 a - a +0 war axe (weapon)
Missiles
 m - a throwing net (quivered)
Armour
 b - a +0 scale mail (worn)
 c - a +0 buckler (worn)
 e - a +1 cloak (worn)
Scrolls
 f - a scroll of summoning {unknown}
 i - a scroll of blinking {unknown}
 k - 3 scrolls of identify {unknown}
 l - a scroll of magic mapping {unknown}
 o - a scroll of silence {unknown}
Potions
 g - a potion of invisibility
 h - a potion of haste {unknown}
 j - 2 potions of brilliance {unknown}
 n - a potion of lignification {unknown}
 p - a potion of curing {unknown}


   Skills:
 + Level 4.2 Fighting
 * Level 5.8 Axes
 + Level 3.7 Armour
 + Level 0.2 Dodging
 + Level 3.5 Shields


You had 4 spell levels left.
You didn't know any spells.
Your spell library contained the following spells:

 Spells                   Type           Power      Damage    Failure   Level
 Shock                    Conj/Air       0%         1d3       83%         1
 Swiftness                Air            0%         N/A       99%         3
 Airstrike                Air            0%         2d(0-16)  100%        4


Dungeon Overview and Level Annotations

Branches:
Dungeon (2/15)

Altars:
Elyvilon

Annotations:
D:2 Crazy Yiuf


Message History

You hit the kobold.
You kill the kobold!
No target in view!
No target in view!
HP restored.
Things that are here:
a +0 short sword; 3 stones; a kobold corpse You now have 136 gold pieces (gained 14).
You see here a +0 hand axe.
Things that are here:
a +0 short sword; 3 stones; a kobold corpse Key pressed, stopping explore.
You enter the shallow water.
Moving in this stuff is going to be slow.
You enter the shallow water.
Moving in this stuff is going to be slow.
You see here a +0 whip.
Key pressed, stopping explore.
No reachable target in view!
No reachable target in view!
No reachable target in view!
No reachable target in view!
No reachable target in view!
Could not explore, unopened runed door.
Could not explore, unopened runed door.
You feel very mighty all of a sudden.
You open the door. You hit Crazy Yiuf.
Crazy Yiuf is lightly wounded.
Crazy Yiuf drinks a potion.
Crazy Yiuf flickers and vanishes!
Deactivating autopickup; reactivate with Ctrl-A.
You closely miss something. Something hits you!
Something tries to affect you, but you resist.
You closely miss something. Something hits you.
Something tries to affect you, but you resist.
Something hits you! Something burns you.
You closely miss something. Something hits you!
* * * LOW HITPOINT WARNING * * *
You slash something! Something hits you.
You die...

#.########....#.............
#)# #.#.............### #.#
#.#............## #.###
##############.# #...# #.#
#...# #.# ##..# ###
♣♣#####.# #######..# #)..#♣♣
♣♣P...##.# )..[....>#
#...{@♣♣♣♣......#.#
########.#
#...#♣..♣.P..)..#.#
#######..# ###
♣♣♣.♣.P).....# .........#
♣♣♣♣♣####### #######..#
######### #### #........
#########


There were no monsters in sight!

Vanquished Creatures
  An orc priest (D:2)
  3 gnolls (D:2)
  3 adders (D:2)
  A worm (D:2)
  A dart slug (D:1)
  4 orcs (D:2)
  6 bats
  4 endoplasms
  A giant cockroach (D:1)
  5 goblins
  3 hobgoblins
  2 jackals (D:1)
  A quokka (D:1)
  A frilled lizard (D:1)
  4 kobolds
  5 rats
  A spectral kobold (D:2)
46 creatures vanquished.

Notes
Turn   | Place    | Note
-------+----------+-------------------------------------------
     0 | D:1      | SensoryNuts the Hill Orc Fighter began the quest for the
                  | Orb.
     0 | D:1      | Reached XP level 1. HP: 19/19 MP: 1/1
    21 | D:1      | Found Ynadifie's Jewellery Emporium.
   175 | D:1      | Reached skill level 3 in Axes
   175 | D:1      | Reached XP level 2. HP: 27/27 MP: 2/2
   980 | D:2      | Found a white marble altar of Elyvilon.
   987 | D:2      | Reached XP level 3. HP: 33/33 MP: 3/3
  1008 | D:2      | Reached skill level 4 in Axes
  1459 | D:2      | Found a runed translucent door.
  1460 | D:2      | Noticed Crazy Yiuf
  1509 | D:2      | Reached XP level 4. HP: 40/40 MP: 4/4
  1573 | D:2      | Reached skill level 5 in Axes
  1756 | D:2      | Found a faded altar of an unknown god.
  1873 | D:2      | Reached XP level 5. HP: 33/46 MP: 5/5
  2328 | D:2      | HP: 1/46 [something (13)]
  2329 | D:2      | Slain by Crazy Yiuf

Illustrated notes

Levels and vault maps discovered:
D:1:      lemuel_arrival_river_ford, layout_loops_ring, serial_shops, shop,
          minmay_pentomino_s2
D:2:      cheibrodos_pilgrimage, layout_loops_ring,
          dreamdust_ecumenical_altar_drowned_temple, basic_altar,
          uniq_crazy_yiuf_cottage

Skill      XL: |  1  2  3  4 |
---------------+-------------+-----
Axes           | 3 4 5 |  5.8
Fighting       | 4 |  4.2
Armour         | |  3.7
Dodging        | |  0.2
Shields        | |  3.5

Action                   |  1- 3 |  4- 6 || total
-------------------------+-------+-------++-------
Melee: War axe           |   103 |    49 ||   152
  Use: Potion            |       |     1 ||     1
Armor: Scale mail        |    62 |    17 ||    79
Dodge: Dodged            |    62 |    21 ||    83
Block: Buckler           |    11 |     9 ||    20
